 Dungeon Crawl Stone Soup version 0.31-a0-366-ga77b45bd9b (webtiles) character file.

Game seed: 6695458844675254664

1937 MacCMillion the Grappler (level 8, -7/73 HPs)
             Began as a Yellow Draconian Shapeshifter on July 28, 2023.
             Was an Initiate of Qazlal.
             Succumbed to a kobold brigand's curare-tipped dart
             ... on level 6 of the Dungeon.
             The game lasted 00:15:26 (5815 turns).

MacCMillion the Grappler (DrSh)                     Turns: 5815, Time: 00:15:27

Health: -7/73      AC:  6    Str: 20    XL:     8   Next: 97%
Magic:  8/8        EV: 13    Int:  9    God:    Qazlal [......]
Gold:   248        SH:  0    Dex: 11    Spells: 7/7 levels left

rFire   . .          .
                       - Unarmed
rCold   + . .        (no shield)
rNeg    . . .        (body armour unavailable)
rPois   .            (helmet currently unavailable)
rElec   .            (cloak currently unavailable)
rCorr   +            (gloves currently unavailable)
SInv    +            (boots currently unavailable)
Will    .....        (no amulet)
Stlth   +            d - ring of see invisible
HPRegen 0.32/turn    h - ring of protection from cold
MPRegen 0.11/turn

%: no passive effects
@: lethally poisoned (-7 -> -52), beast-form, slowed, very slow
A: beast (slay +2), spit acid, AC +6, unfitting armour, cold-blooded, acid
resistance
a: Breathe Acid, Begin Untransformation, Renounce Religion


You were on level 6 of the Dungeon.
You worshipped Qazlal.
Qazlal was noncommittal.
You were a hulking beast.
You visited 2 branches of the dungeon, and saw 8 of its levels.
You also visited: Sewer.

You collected 462 gold pieces.
You spent 214 gold pieces at shops.

Inventory:

Armour
 x - a +0 kite shield
Jewellery
 d - a ring of see invisible (left hand)
 f - a ring of ice
 h - a ring of protection from cold (right hand)
Talismans
 b - a beast talisman
Wands
 u - a wand of paralysis (9)
 z - a wand of iceblast (12)
Scrolls
 c - a scroll of enchant armour
 e - 2 scrolls of revelation {unknown}
 k - 2 scrolls of enchant weapon {unknown}
 l - 2 scrolls of teleportation
 n - a scroll of amnesia {unknown}
 o - a scroll of blinking
 q - 2 scrolls of poison {unknown}
 s - a scroll of brand weapon {unknown}
 v - a scroll of identify
 y - a scroll of fear {unknown}
Potions
 a - 2 potions of lignification
 g - 2 potions of curing
 i - 3 potions of attraction
 j - a potion of degeneration
 m - 5 potions of enlightenment
 p - a potion of might
 r - a potion of mutation
 t - a potion of cancellation {unknown}
 w - a potion of heal wounds {unknown}
 A - a potion of brilliance {unknown}


   Skills:
 + Level 7.5 Fighting
 + Level 4.1 Dodging
 + Level 9.0 Unarmed Combat
 - Level 3.0 Shapeshifting


You had 7 spell levels left.
You didn't know any spells.
Your spell library contained the following spells:

 Spells                   Type           Power      Damage    Failure   Level
 Gell's Gravitas          Tloc           0%         N/A       77%         3
 Teleport Other           Tloc           0%         N/A       77%         3
 Manifold Assault         Tloc           0%         N/A       99%         4
 Dispersal                Tloc           0%         N/A       100%        6
 Disjunction              Tloc           0%         N/A       100%        8


Dungeon Overview and Level Annotations

Branches:
Dungeon (7/15)             Temple (1/1) D:6           Sewer (visited)

Altars:
Ashenzari
Cheibriados
Dithmenos
Elyvilon
Fedhas
Gozag
Hepliaklqana
Kikubaaqudgha
Makhleb
Nemelex Xobeh
Okawaru
Qazlal
Sif Muna
Trog
Uskayaw
Vehumet
Wu Jian
Xom
Yredelemnul
Zin
The Shining One

Shops:
D:2 ?!((

Annotations:
D:6 1 runed translucent door, blacky4's ghost, amateur OpSh


Innate Abilities, Weirdness & Mutations

You are a hulking beast.
Your limbs bulge with bestial killing power. (Slay +2)
You can spit globs of acid.
Your golden yellow scales are hard. (AC +6)
You cannot fit into any form of body armour.
You are cold-blooded and may be slowed by cold attacks.
You are resistant to acid. (rCorr)


Message History

A kobold comes into view. It is wielding a +0 short sword.
A kobold comes into view.
It is wielding a +0 dagger and quivering poisoned darts.
A kobold comes into view. It is wielding a +0 short sword.
The kobold brigand throws a curare-tipped dart.
The curare-tipped dart hits you.
You are more poisoned.
You have difficulty breathing.
You feel as though you will be slow longer.
The kobold moves out of view.
You see here a +0 club.
The kobold brigand attacks as you move away!
The kobold brigand completely misses you.
You feel very sick.
You feel very sick.
The kobold brigand throws a curare-tipped dart.
The curare-tipped dart hits you.
You are more poisoned.
You have difficulty breathing.
You feel as though you will be slow longer.
The kobold brigand throws a curare-tipped dart.
The curare-tipped dart hits you.
You are lethally poisoned!
You have difficulty breathing.
You feel as though you will be slow longer.
There is a stone staircase leading up here.
Unknown command.
Okay, then.
* * * LOW HITPOINT WARNING * * *
You feel extremely sick.
The kobold throws a poisoned dart.
The poisoned dart hits you!
You are more poisoned.
The kobold brigand throws a curare-tipped dart.
The curare-tipped dart hits you.
You are more poisoned.
You have difficulty breathing.
* * * LOW HITPOINT WARNING * * *
You feel as though you will be slow longer.
You climb upwards.
Level annotation: 1 runed translucent door, blacky4's ghost, amateur OpSh You die...

.....##..#~$~WFS+................
......##)########.............##.
.....##.<.....................##.
##........#####............[.###.
...###.#### #........[....[.# #.
...# #.# ##...#.........)####
...###.### ##...##........[.#..
.........#####...##..............
................h....#.#........#
...........###..###..####........
##.....#<..###.## #..####........
...#...#....##..###..##.......###
##.##.......###..........###..###
##.###.#.##........#####.##......
......_..###.##..### ####......
.....#.#####..##...# ##........
.....#...##..##....### #.........


There were no monsters in sight!

Vanquished Creatures
  Sigmund (D:6)
  Eustachio (D:3)
  Edmund (D:5)
  A steam dragon (D:7)
  A water moccasin (D:6)
  An orc warrior (D:6)
  Blork the orc (D:5)
  A bullfrog (D:5)
  3 scorpions
  3 howler monkeys
  2 hounds (D:5)
  5 jellies
  2 orc priests (D:5)
  4 iguanas
  3 orc wizards
  A sickly merfolk siren (Sewer)
  A malarious merfolk avatar (Sewer)
  7 gnolls
  5 adders
  A river rat (Sewer)
  A shadow imp (D:7)
  A white imp (D:5)
  4 worms
  3 dart slugs
  16 orcs
  10 bats
  10 endoplasms
  6 giant cockroaches
  10 hobgoblins
  4 jackals
  4 quokkas
  9 ball pythons
  10 frilled lizards
  3 goblins
  10 kobolds
  25 rats
171 creatures vanquished.

Notes
Turn   | Place    | Note
-------+----------+-------------------------------------------
     0 | D:1      | MacCMillion the Draconian Shapeshifter began the quest for
                  | the Orb.
     0 | D:1      | Reached XP level 1. HP: 16/16 MP: 1/1
    84 | D:1      | Found a faded altar of an unknown god.
   211 | D:1      | Reached XP level 2. HP: 23/23 MP: 2/2
   587 | D:2      | Found Toaquaph's Weapon Shop.
   628 | D:2      | Found Qugrediu's Distillery.
   634 | D:2      | Bought a potion of curing for 39 gold pieces
   747 | D:2      | Found Zewuitu's Weapon Boutique.
   747 | D:2      | Noticed a +0 rapier
   758 | D:2      | Noticed a +0 demon trident
   767 | D:2      | Reached XP level 3. HP: 29/29 MP: 3/3
   987 | D:2      | Reached skill level 4 in Unarmed Combat
  1158 | D:2      | Found Exzes's Magic Scroll Emporium.
  1168 | D:2      | Bought a scroll of identify for 26 gold pieces
  1307 | D:3      | Reached XP level 4. HP: 33/37 MP: 4/4
  1347 | D:3      | Found a glowing drain.
  1386 | Sewer    | Entered a sewer
  1738 | Sewer    | Reached skill level 5 in Unarmed Combat
  1747 | Sewer    | Reached XP level 5. HP: 44/45 MP: 5/5
  2142 | D:2      | Found a white marble altar of Elyvilon.
  3099 | D:2      | Bought a scroll of blinking for 97 gold pieces
  3167 | D:2      | Bought a potion of might for 52 gold pieces
  3223 | D:4      | Reached XP level 6. HP: 41/52 MP: 6/6
  3311 | D:4      | Reached skill level 6 in Unarmed Combat
  3509 | D:4      | Noticed Eustachio
  3661 | D:3      | Killed Eustachio
  3662 | D:3      | Your scales start taking on a golden yellow colour.
  3662 | D:3      | Reached XP level 7. HP: 53/60 MP: 7/7
  3662 | D:3      | Gained mutation: You are resistant to acid. (rCorr) [Yellow
                  | Draconian growth]
  3835 | D:4      | Found a blossoming altar of Fedhas.
  3922 | D:5      | Entered Level 5 of the Dungeon
  3937 | D:5      | Reached skill level 7 in Unarmed Combat
  4029 | D:5      | Reached skill level 5 in Fighting
  4327 | D:5      | Noticed Edmund
  4339 | D:5      | Killed Edmund
  4340 | D:5      | Reached skill level 8 in Unarmed Combat
  4476 | D:5      | Reached XP level 8. HP: 50/70 MP: 8/8
  4805 | D:6      | Found a shimmering altar of Xom.
  4836 | D:6      | Noticed Blork the orc
  4868 | D:5      | Killed Blork the orc
  4965 | D:6      | Found a runed translucent door.
  5052 | D:6      | Noticed Sigmund
  5144 | D:6      | Noticed blacky4's ghost (amateur OpSh)
  5338 | D:6      | Found a staircase to the Ecumenical Temple.
  5355 | Temple   | Entered the Ecumenical Temple
  5370 | Temple   | Became a worshipper of Qazlal Stormbringer
  5538 | D:7      | Noticed a komodo dragon
  5625 | D:6      | Killed Sigmund
  5626 | D:6      | Reached skill level 9 in Unarmed Combat
  5815 | D:6      | Succumbed to a kobold brigand's curare-tipped dart

Illustrated notes

Levels and vault maps discovered:
D:1:      matt_arrival_spirals, layout_rooms, ebering_ecumenical_altar_box
D:2:      layout_loops_ring, basic_altar, serial_rivers,
          chequers_serial_rivers_micro_d, chequers_serial_rivers_large_b,
          chequers_serial_rivers_large_a, chequers_serial_rivers_room_a,
          serial_shops, nicolae_shop_just_a_little_nook,
          nicolae_shop_mannequins, shop, nicolae_shop_just_a_little_nook,
          minmay_splitting_lines, minmay_misc_feat_chi, nicolae_wormholes
D:3:      minmay_razor_zed, layout_rooms, cheibrodos_sewer_entry_bend,
          kennysheep_generic_room_16
D:4:      layout_cave_pools, fedhas_altar_fruit_tree, uniq_eustachio
D:5:      layout_rooms, uniq_edmund
D:6:      layout_cave_pools, lemuel_crystal_altar, minmay_temple_entry_junction,
          ebering_ghost_sewer_d, uniq_sigmund, uniq_blork_the_orc
D:7:      layout_cave_pools, uniq_pikel
Temple:   hellmonk_temple_of_storms

Skill      XL: |  1  2  3  4  5  6  7  8 |
---------------+-------------------------+-----
Fighting       | 2 3 4 6 7 |  7.5
Unarmed Combat | 4 5 6 8 9 |  9.0
Dodging        | 4 |  4.1
Shapeshifting  | |  3.0

Action                     |  1- 3 |  4- 6 |  7- 9 || total
---------------------------+-------+-------+-------++-------
  Melee: Unarmed           |   117 |   219 |   139 ||   475
         Tailslap          |    13 |    16 |    18 ||    47
         Punch             |     3 |     8 |     6 ||    17
Ability: Breathe Acid      |       |       |    19 ||    19
    Use: Scroll            |     3 |       |     1 ||     4
         Potion            |       |     1 |       ||     1
   Stab: Sleeping          |     2 |       |       ||     2
 Armour: Skin              |    28 |   111 |    32 ||   171
  Dodge: Dodged            |    60 |   134 |    76 ||   270

Table legend: (Time is in decaauts)
 A = Elapsed time spent in this place.
 B = Non-inter-level travel time spent in this place.
 C = Inter-level travel time spent in this place.
 D = Time resting spent in this place.
 E = Time spent auto-exploring this place.
 F = Levels seen in this place.
 G = Mean time per level.
                   A        B        C        D        E       F      G
               +--------+--------+--------+--------+--------+-----+--------+
         Total |   5896 |   5527 |    369 |   1022 |   2933 |   9 |  655.1 |
       Dungeon |   5108 |   4751 |    357 |    653 |   2846 |   7 |  729.7 |
        Temple |    196 |    184 |     12 |    158 |      0 |   1 |  196.0 |
         Sewer |    591 |    591 |      0 |    211 |     86 |   1 |  591.0 |
               +--------+--------+--------+--------+--------+-----+--------+

Top non-repeatable levels by time:
     D:2: 1279 daAuts
     D:3: 1014 daAuts
     D:5: 953 daAuts
     D:6: 696 daAuts
   Sewer: 591 daAuts
     D:1: 570 daAuts
     D:4: 561 daAuts
  Temple: 196 daAuts
     D:7: 33 daAuts
